TOP OF THE 1ST |
Pueblo Prairie Dogs batting - Pitching for Watertown Headhunters : RHP Luis Guerrero
|
Pitching: RHP Luis Guerrero
|
|
Batting: RHB Manuel Pérez
|
0-0: Swinging Strike 0-1: Ball 1-1: Foul Ball, location: 2F 1-2: Foul Ball, location: 2F 1-2: Foul Ball, location: 2F 1-2: Ball 2-2: Strikes out swinging
|
Batting: RHB Harry Wilkins
|
0-0: DOUBLE (Line Drive, 7LD)
|
Batting: RHB Jorge Valenzuela
|
0-0: Called Strike 0-1: Swinging Strike 0-2: Ball 1-2: Fly out, F9 (Flyball, 89M)
|
Batting: LHB Johão Pereirinha
|
0-0: Fly out, F6 (Popup, 6M)
|
Top of the 1st over - 0 runs, 1 hit, 0 errors, 1 left on base; Pueblo 0 - Watertown 0 |
BOTTOM OF THE 1ST |
Watertown Headhunters batting - Pitching for Pueblo Prairie Dogs : RHP Kyle Sawyer
|
Pitching: RHP Kyle Sawyer
|
|
Batting: LHB William Mitchell
|
0-0: Swinging Strike 0-1: Ball 1-1: Called Strike 1-2: Fly out, F8 (Flyball, 8RS)
|
Batting: LHB Leonardo Torres
|
0-0: Called Strike 0-1: Foul Ball, location: 2F 0-2: Ball 1-2: Ball 2-2: Foul Ball, location: 2F 2-2: Fly out, F8 (Flyball, 8LS)
|
Batting: RHB Steve Welch
|
0-0: Ball 1-0: Ball 2-0: Ball 3-0: Called Strike 3-1: SINGLE (Line Drive, 56D)
|
Batting: RHB Mike Hurt
|
0-0: Called Strike Steve Welch steals 2nd base 0-1: Called Strike 0-2: Ball 1-2: Ball 2-2: Fly out, F3 (Line Drive, 34)
|
Bottom of the 1st over - 0 runs, 1 hit, 0 errors, 1 left on base; Pueblo 0 - Watertown 0 |
TOP OF THE 2ND |
Pueblo Prairie Dogs batting - Pitching for Watertown Headhunters : RHP Luis Guerrero
|
Batting: RHB Manny Herrera
|
0-0: Called Strike 0-1: Ball 1-1: Called Strike 1-2: Ball 2-2: Foul Ball, location: 2F 2-2: Foul Ball, location: 2F 2-2: Ground out 5-3 (Groundball, 56)
|
Batting: SHB José Vélez
|
0-0: Ball 1-0: Foul Ball, location: 2F 1-1: Swinging Strike 1-2: Ball 2-2: Strikes out swinging
|
Batting: RHB Jesús Heredia
|
0-0: Ground out 5-3 (Groundball, 56)
|
Top of the 2nd over - 0 runs, 0 hits, 0 errors, 0 left on base; Pueblo 0 - Watertown 0 |
BOTTOM OF THE 2ND |
Watertown Headhunters batting - Pitching for Pueblo Prairie Dogs : RHP Kyle Sawyer
|
Batting: RHB Johnny Marshall
|
0-0: Ball 1-0: Called Strike 1-1: Foul Ball, location: 2F 1-2: Fly out, F7 (Flyball, 7LD)
|
Batting: RHB Gustavo Martínez
|
0-0: Swinging Strike 0-1: Ball 1-1: Ball 2-1: Foul Ball, location: 2F 2-2: Foul Ball, location: 2F 2-2: SINGLE (Groundball, 56D)
|
Batting: RHB Roberto Torres
|
0-0: SINGLE (Groundball, 6MS) (infield hit) Gustavo Martínez to second
|
Batting: RHB Trent Rowe
|
0-0: Swinging Strike 0-1: Ball 1-1: Ball 2-1: Fly out, F5 (Line Drive, 56)
|
Batting: RHB Robinson Martínez
|
0-0: Ball 1-0: Ball 2-0: Reached on error, E5 (Groundball, 25) Gustavo Martínez to third Roberto Torres to second
|
Batting: LHB William Mitchell
|
0-0: Called Strike 0-1: Ball 1-1: Foul Ball, location: 2F 1-2: Foul Ball, location: 2F 1-2: Strikes out swinging
|
Bottom of the 2nd over - 0 runs, 2 hits, 1 error, 3 left on base; Pueblo 0 - Watertown 0 |
TOP OF THE 3RD |
Pueblo Prairie Dogs batting - Pitching for Watertown Headhunters : RHP Luis Guerrero
|
Batting: SHB Hunter Bond
|
0-0: Ball 1-0: Swinging Strike 1-1: Foul Ball, location: 2F 1-2: Foul Ball, location: 2F 1-2: Ground out 3-1 (Groundball, 34S)
|
Batting: RHB António López
|
0-0: Foul Ball, location: 2F 0-1: Foul Ball, location: 2F 0-2: Ball 1-2: Strikes out looking
|
Batting: RHB Manuel Pérez
|
0-0: Fly out, F2 (Popup, 23F)
|
Top of the 3rd over - 0 runs, 0 hits, 0 errors, 0 left on base; Pueblo 0 - Watertown 0 |
BOTTOM OF THE 3RD |
Watertown Headhunters batting - Pitching for Pueblo Prairie Dogs : RHP Kyle Sawyer
|
Batting: LHB Leonardo Torres
|
0-0: Ball 1-0: Foul Ball, location: 2F 1-1: SINGLE (Groundball, 4MD)
|
Batting: RHB Steve Welch
|
0-0: Called Strike 0-1: Ball 1-1: 2-RUN HOME RUN (Flyball, 7LD), Distance : 378 ft
|
Batting: RHB Mike Hurt
|
0-0: Ball 1-0: Ground out 6-3 (Groundball, 6)
|
Batting: RHB Johnny Marshall
|
0-0: Ground out 5-3 (Groundball, 5)
|
Batting: RHB Gustavo Martínez
|
0-0: Fly out, F3 (Popup, 3SF)
|
Bottom of the 3rd over - 2 runs, 2 hits, 0 errors, 0 left on base; Pueblo 0 - Watertown 2 |
TOP OF THE 4TH |
Pueblo Prairie Dogs batting - Pitching for Watertown Headhunters : RHP Luis Guerrero
|
Batting: RHB Harry Wilkins
|
0-0: Called Strike 0-1: Ball 1-1: Ground out 3-1 (Groundball, 34)
|
Batting: RHB Jorge Valenzuela
|
0-0: Ball 1-0: Fly out, F8 (Flyball, 8RD)
|
Batting: LHB Johão Pereirinha
|
0-0: SINGLE (Flyball, 9LS)
|
Batting: RHB Manny Herrera
|
0-0: Foul Ball, location: 2F 0-1: Ball 1-1: Ball 2-1: Ball 3-1: Fly out, F9 (Flyball, 9D)
|
Top of the 4th over - 0 runs, 1 hit, 0 errors, 1 left on base; Pueblo 0 - Watertown 2 |
BOTTOM OF THE 4TH |
Watertown Headhunters batting - Pitching for Pueblo Prairie Dogs : RHP Kyle Sawyer
|
Batting: RHB Roberto Torres
|
0-0: Called Strike 0-1: Ball 1-1: Fly out, F4 (Popup, 34)
|
Batting: RHB Trent Rowe
|
0-0: Called Strike 0-1: Called Strike 0-2: Strikes out swinging
|
Batting: RHB Robinson Martínez
|
0-0: Ground out 5-3 (Groundball, 56S)
|
Bottom of the 4th over - 0 runs, 0 hits, 0 errors, 0 left on base; Pueblo 0 - Watertown 2 |
TOP OF THE 5TH |
Pueblo Prairie Dogs batting - Pitching for Watertown Headhunters : RHP Luis Guerrero
|
Batting: SHB José Vélez
|
0-0: Fly out, F4 (Popup, 4S)
|
Batting: RHB Jesús Heredia
|
0-0: Ball 1-0: Ball 2-0: Called Strike 2-1: Ball 3-1: SINGLE (Groundball, 4MD)
|
Batting: SHB Hunter Bond
|
0-0: SINGLE (Flyball, 56D) Jesús Heredia to second
|
Batting: RHB António López
|
0-0: Ball Jesús Heredia steals 3rd base Hunter Bond to second 1-0: Foul Ball, location: 2F 1-1: Fly out, F7 (Flyball, 7) Runner from 3rd tags up, SCORES, no throw
|
Batting: RHB Manuel Pérez
|
0-0: Ball 1-0: Foul Ball, location: 2F 1-1: Ball 2-1: Fly out, F9 (Flyball, 9LS)
|
Top of the 5th over - 1 run, 2 hits, 0 errors, 1 left on base; Pueblo 1 - Watertown 2 |
BOTTOM OF THE 5TH |
Watertown Headhunters batting - Pitching for Pueblo Prairie Dogs : RHP Kyle Sawyer
|
Batting: LHB William Mitchell
|
0-0: Called Strike 0-1: Foul Ball, location: 2F 0-2: Foul Ball, location: 2F 0-2: Ball 1-2: Foul Ball, location: 2F 1-2: Fly out, F9 (Flyball, 9S)
|
Batting: LHB Leonardo Torres
|
0-0: Called Strike 0-1: Ball 1-1: Ball 2-1: Ball 3-1: Foul Ball, location: 2F 3-2: Fly out, F8 (Flyball, 89D)
|
Batting: RHB Steve Welch
|
0-0: Ball 1-0: Ball 2-0: Swinging Strike 2-1: Ball 3-1: Foul Ball, location: 2F 3-2: Fly out, F7 (Line Drive, 7)
|
Bottom of the 5th over - 0 runs, 0 hits, 0 errors, 0 left on base; Pueblo 1 - Watertown 2 |
TOP OF THE 6TH |
Pueblo Prairie Dogs batting - Pitching for Watertown Headhunters : RHP Luis Guerrero
|
Batting: RHB Harry Wilkins
|
0-0: Called Strike 0-1: Ball 1-1: Ball 2-1: Swinging Strike 2-2: Ball 3-2: Foul Ball, location: 2F 3-2: Strikes out swinging
|
Batting: RHB Jorge Valenzuela
|
0-0: Ground out 5-3 (Groundball, 56S)
|
Batting: LHB Johão Pereirinha
|
0-0: SINGLE (Line Drive, 6MD)
|
Batting: RHB Manny Herrera
|
0-0: Ball 1-0: Ground out 1-3 (Groundball, 13)
|
Top of the 6th over - 0 runs, 1 hit, 0 errors, 1 left on base; Pueblo 1 - Watertown 2 |
BOTTOM OF THE 6TH |
Watertown Headhunters batting - Pitching for Pueblo Prairie Dogs : RHP Kyle Sawyer
|
Batting: RHB Mike Hurt
|
0-0: Ball 1-0: SINGLE (Line Drive, 6MD)
|
Batting: RHB Johnny Marshall
|
0-0: Foul Ball, location: 2F 0-1: Ball 1-1: Ball 2-1: Ground out 6-3 (Groundball, 6S) Mike Hurt to second
|
Batting: RHB Gustavo Martínez
|
0-0: Intentional Walk
|
Batting: RHB Roberto Torres
|
0-0: Foul Ball, location: 2F 0-1: Ball 1-1: Grounds into double play, 6-4-3 (Groundball, 6)
|
Bottom of the 6th over - 0 runs, 1 hit, 0 errors, 1 left on base; Pueblo 1 - Watertown 2 |
TOP OF THE 7TH |
Pueblo Prairie Dogs batting - Pitching for Watertown Headhunters : RHP Luis Guerrero
|
Batting: SHB José Vélez
|
0-0: Called Strike 0-1: Ball 1-1: Swinging Strike 1-2: SOLO HOME RUN (Flyball, 89XD), Distance : 431 ft
|
Pinch Hitting: LHB James Gibbons
|
0-0: Swinging Strike 0-1: Ball 1-1: Ball 2-1: Ball 3-1: Called Strike 3-2: Ground out U3 (Groundball, 3)
|
Pinch Hitting: LHB Jesse Bowen
|
0-0: Ball 1-0: Ball 2-0: Ball 3-0: Base on Balls
|
Pinch Hitting: SHB Jeff Page
|
0-0: Swinging Strike 0-1: Single, Error in OF, E9, batter to second base Jesse Bowen to third
|
Batting: RHB Manuel Pérez
|
0-0: Foul Ball, location: 2F 0-1: Fly out, F4 (Line Drive, 4M)
|
Batting: RHB Harry Wilkins
|
0-0: Ball 1-0: Foul Ball, location: 2F 1-1: Ball 2-1: Ball 3-1: 3-RUN HOME RUN (Flyball, 7LD), Distance : 375 ft
|
Pitching: RHP Dave Meyers
|
|
Batting: RHB Jorge Valenzuela
|
0-0: Called Strike 0-1: Ball 1-1: Ball 2-1: SINGLE (Groundball, 4MD)
|
Pitching: LHP José Deleón
|
|
Batting: LHB Johão Pereirinha
|
0-0: Ball 1-0: Fly out, F7 (Flyball, 78S)
|
Top of the 7th over - 4 runs, 4 hits, 1 error, 1 left on base; Pueblo 5 - Watertown 2 |
BOTTOM OF THE 7TH |
Watertown Headhunters batting - Pitching for Pueblo Prairie Dogs : RHP Kyle Sawyer
|
Now at 3B: Jeff Page
|
|
Now in LF: James Gibbons
|
|
Now in CF: Walton Arnold
|
|
Batting: RHB Trent Rowe
|
0-0: Called Strike 0-1: Called Strike 0-2: Strikes out swinging
|
Batting: RHB Robinson Martínez
|
0-0: Ball 1-0: Ball 2-0: Called Strike 2-1: DOUBLE (Line Drive, 9LM)
|
Batting: LHB William Mitchell
|
0-0: Foul Ball, location: 2F 0-1: Ball 1-1: Ball 2-1: Called Strike 2-2: Foul Ball, location: 2F 2-2: Ball 3-2: Base on Balls
|
Pitching: RHP Alden García
|
|
Batting: LHB Leonardo Torres
|
0-0: Ball 1-0: Foul Ball, location: 2F 1-1: 3-RUN HOME RUN (Flyball, 9D), Distance : 386 ft
|
Batting: RHB Steve Welch
|
0-0: Ball 1-0: Fly out, F4 (Flyball, 34D)
|
Batting: RHB Mike Hurt
|
0-0: Ball 1-0: Ball 2-0: Foul Ball, location: 2F 2-1: Foul Ball, location: 2F 2-2: Strikes out swinging
|
Bottom of the 7th over - 3 runs, 2 hits, 0 errors, 0 left on base; Pueblo 5 - Watertown 5 |
TOP OF THE 8TH |
Pueblo Prairie Dogs batting - Pitching for Watertown Headhunters : LHP José Deleón
|
Pitching: LHP Alonso Rosa
|
|
Batting: RHB Manny Herrera
|
0-0: Called Strike 0-1: Ball 1-1: Called Strike 1-2: SINGLE (Groundball, 4MD)
|
Batting: SHB José Vélez
|
0-0: Fly out, F8 (Flyball, 8LS)
|
Batting: LHB James Gibbons
|
0-0: Ball 1-0: Called Strike 1-1: Ball 2-1: Grounds into double play, 4-6-3 (Groundball, 4)
|
Top of the 8th over - 0 runs, 1 hit, 0 errors, 0 left on base; Pueblo 5 - Watertown 5 |
BOTTOM OF THE 8TH |
Watertown Headhunters batting - Pitching for Pueblo Prairie Dogs : RHP Alden García
|
Batting: RHB Johnny Marshall
|
0-0: Called Strike 0-1: DOUBLE (Line Drive, 9LS)
|
Batting: RHB Gustavo Martínez
|
0-0: Intentional Walk
|
Batting: RHB Roberto Torres
|
0-0: Called Strike 0-1: Ball Passed Ball! Johnny Marshall to third Gustavo Martínez to second 1-1: Intentional Walk
|
Batting: RHB Trent Rowe
|
0-0: Ball 1-0: Ball 2-0: Foul Ball, location: 2F 2-1: Swinging Strike 2-2: Ball Wild Pitch! Johnny Marshall scores Gustavo Martínez to third Roberto Torres to second 3-2: Foul Ball, location: 2F 3-2: Ground out 1-3 (Groundball, 15S)
|
Pitching: RHP António Rey
|
|
Batting: RHB Robinson Martínez
|
0-0: Fly out, F8 (Flyball, 8RD) Runner from 3rd tags up, SCORES, throw made
|
Batting: LHB William Mitchell
|
0-0: Called Strike 0-1: Ball 1-1: Ball 2-1: Ball 3-1: Base on Balls
|
Batting: LHB Leonardo Torres
|
0-0: Ball 1-0: Swinging Strike 1-1: Called Strike 1-2: Ball 2-2: SINGLE (Line Drive, 7LM) Roberto Torres to third William Mitchell to second Runner from 3rd tries for Home, SAFE, no throw
|
Batting: RHB Steve Welch
|
0-0: Swinging Strike 0-1: Called Strike 0-2: Foul Ball, location: 2F 0-2: Strikes out swinging
|
Bottom of the 8th over - 3 runs, 2 hits, 0 errors, 2 left on base; Pueblo 5 - Watertown 8 |
TOP OF THE 9TH |
Pueblo Prairie Dogs batting - Pitching for Watertown Headhunters : LHP Alonso Rosa
|
Pitching: RHP António Garza
|
|
Now in LF: Andrés Gutiérrez
|
|
Now in CF: John Weber
|
|
Batting: LHB Walton Arnold
|
0-0: Ball 1-0: Called Strike 1-1: Swinging Strike 1-2: Strikes out swinging
|
Batting: SHB Jeff Page
|
0-0: Fly out, F8 (Flyball, 8RM)
|
Batting: RHB Manuel Pérez
|
0-0: Ball 1-0: Swinging Strike 1-1: Foul Ball, location: 2F 1-2: Ground out U3 (Groundball, 34S)
|
Top of the 9th over - 0 runs, 0 hits, 0 errors, 0 left on base; Pueblo 5 - Watertown 8 |
|